 Dungeon Crawl Stone Soup version 0.16.1-30-g34a7ffa (webtiles) character file.

91 tognito the Skirmisher (level 4, -1/42 HPs)
             Began as a Minotaur Berserker on June 21, 2015.
             Was a Believer of Trog.
             Killed from afar by Sigmund (10 damage)
             ... with a puff of flame
             ... on level 3 of the Dungeon on June 22, 2015.
             The game lasted 00:16:15 (2011 turns).

tognito the Skirmisher (Minotaur Berserker)         Turns: 2011, Time: 00:16:15

Health: -1/42      AC:  9    Str: 23    XL:     4   Next: 34%
Magic:  2/2        EV:  6    Int:  4    God:    Trog [**....]
Gold:   81         SH:  7    Dex:  9    Spells: 0 memorised, 3 levels left

rFire  . . .     SeeInvis .     a - +0 hand axe
rCold  . . .     Clarity  .     m - +0 chain mail
rNeg   + . .     SustAb   .     k - +0 shield
rPois  .         Gourm    .     (helmet restricted)
rElec  .         Spirit   .     (no cloak)
rCorr  .         Warding  +     (no gloves)
rMut   .         Rnd*Tele +     (no boots)
MR     .....                    p - amulet of warding
Stlth  ..........               (no ring)
                                r - ring of teleportation (curse)

@: not resistant to hostile enchantments, extremely unstealthy
A: retaliatory headbutt, horns 2
a: Burn Spellbooks, Berserk, Trog's Hand, Renounce Religion, Evoke Teleportation


You were on level 3 of the Dungeon.
You worshipped Trog.
Trog was pleased with you.
You were hungry.

You visited 1 branch of the dungeon, and saw 3 of its levels.

You collected 81 gold pieces.

Inventory:

Hand weapons
 a - a +0 hand axe (weapon)
 b - a +0 hunting sling
Missiles
 i - 18 bolts
 l - 16 arrows
 o - 9 sling bullets
Armour
 e - a +0 animal skin
 k - a +0 shield (worn)
 m - a +0 chain mail (worn)
Jewellery
 p - an amulet of warding (around neck)
 r - a cursed ring of teleportation (left hand)
Scrolls
 d - 2 scrolls of identify {unknown}
 f - a scroll of magic mapping {unknown}
 h - 3 scrolls of remove curse {unknown}
Potions
 j - a potion of might
Comestibles
 c - a bread ration
 g - a beef jerky
 n - 3 fruits
 q - a slice of pizza


   Skills:
 * Level 5.0 Fighting
 + Level 4.1 Axes
 + Level 1.2 Slings
 + Level 2.8 Armour
 + Level 2.7 Dodging
 + Level 0.5 Shields


You had 3 spell levels left.
You didn't know any spells.

Dungeon Overview and Level Annotations

Branches:
Dungeon (3/15)

Altars:

Annotations:
D:1 hola
D:3 Sigmund


Innate Abilities, Weirdness & Mutations

You reflexively headbutt those who attack you in melee.
You have a pair of horns on your head.


Message History

Sigmund gestures at you while chanting. The magic dart hits you!
Sigmund casts a spell at you. The magic dart hits you!
You barely miss Sigmund. You headbutt Sigmund!
Sigmund is heavily wounded.
You hit Sigmund. Your headbutt misses Sigmund.
Sigmund is severely wounded.
Sigmund casts a spell at you. The puff of flame hits you!
You hit Sigmund.
Sigmund is almost dead.
Sigmund hits you with a scythe of flaming!
Sigmund burns you.
* * * LOW HITPOINT WARNING * * *
You hit Sigmund but do no damage.
Sigmund is almost dead.
Sigmund casts a spell at you. The puff of flame hits you!
You die...

..##########+#########
..#.....(............#
..#..................#
..#...############...#
..+...# ........#...#
..#...# ....([..#...#
..#...# ......#...#
..<...# #.@.#...#
..#...# #..@#...#
.)#...# #...'...#
..#...# #..)#...#
..#...# #...#...#
......# #...#...#
......# #...#...#
......# #...#...# . .
....#...# #####...#


You could see Sigmund.

Vanquished Creatures
  Jessica (D:2)
  A giant mite (D:2)
  3 worms (D:2)
  4 bats
  A giant cockroach (D:2)
  5 goblins
  7 hobgoblins
  7 jackals (D:2)
  3 ball pythons
  A giant newt (D:2)
  8 kobolds
  7 rats
48 creatures vanquished.

Notes
Turn   | Place    | Note
--------------------------------------------------------------
     0 | D:1      | tognito, the Minotaur Berserker, began the quest for the Orb.
     0 | D:1      | Reached XP level 1. HP: 19/19 MP: 1/1
    14 | D:1      | hola
   141 | D:1      | Reached skill level 4 in Fighting
   240 | D:1      | Reached XP level 2. HP: 27/27 MP: 1/1
  1118 | D:2      | Reached XP level 3. HP: 30/34 MP: 2/2
  1139 | D:2      | Acquired Trog's second power
  1331 | D:2      | Noticed Jessica
  1343 | D:2      | Killed Jessica
  1343 | D:2      | Reached skill level 5 in Fighting
  1549 | D:2      | Reached XP level 4. HP: 40/42 MP: 2/2
  1650 | D:2      | Reached skill level 1 in Slings
  1995 | D:3      | Noticed Sigmund
  2011 | D:3      | Killed from afar by Sigmund

Action                   |  1- 3 |  4- 6 || total
-------------------------+-------+-------++-------
Melee: Hand axe          |   103 |    41 ||   144
 Fire: Hunting sling     |    23 |    12 ||    35
  Use: Potion            |     4 |       ||     4
 Stab: Sleeping          |     1 |       ||     1
  Eat: Chunk             |     2 |     1 ||     3
